 Dungeon Crawl Stone Soup version 0.25-a0-643-g3cd4bd2 (webtiles) character file.

Game seed: 11857167388230429763, levelgen mode: deterministic

28365 MrTaco21 the Peltast (level 13, 0/83 HPs)
             Began as a Gargoyle Fighter on Mar 20, 2020.
             Was a High Priest of Qazlal.
             Slain by a fire crab (3 damage)
             ... while paralysed by a floating eye
             ... on level 13 of the Dungeon.
             The game lasted 00:34:08 (15713 turns).

MrTaco21 the Peltast (Gargoyle Fighter)            Turns: 15713, Time: 00:34:08

Health: 0/83       AC: 32    Str: 23    XL:     13   Next: 38%
Magic:  13/13      EV:  2    Int: 11    God:    Qazlal [*****.]
Gold:   822        SH:  0    Dex:  9    Spells: 12/12 levels left

rFire    + + .     SeeInvis .   y - +3 whip of Anger {vorpal, rPois MR+ Stlth+}
rCold    + . .     Gourm    .   D - +0 kite shield
rNeg     + . .     Faith    .   F - +2 chain mail {rC+}
rPois    ∞         Spirit   .   (no helmet)
rElec    +         Reflect  .   G - scarf {repulsion}
rCorr    .         Harm     .   S - +2 pair of gloves
MR       +....                  I - +2 pair of boots {Stlth+}
Stlth    ..........             u - amulet of the acrobat
HPRegen  0.23/turn              k - +2 ring of protection
MPRegen  0.13/turn              i - ring of protection from fire

@: paralysed, protected from fire, repel missiles
A: negative energy resistance 1, electricity resistance, unbreathing,
petrification resistance, rot immunity, AC +9
a: Upheaval, Elemental Force, Disaster Area, Renounce Religion


You were on level 13 of the Dungeon.
You worshipped Qazlal.
Qazlal was extremely pleased with you.
You were hungry.

You visited 2 branches of the dungeon, and saw 15 of its levels.

You collected 967 gold pieces.
You spent 145 gold pieces at shops.

Inventory:

Hand Weapons
 y - the +3 whip of Anger (weapon) {vorpal, rPois MR+ Stlth+}
   (You found it on level 4 of the Dungeon)

   It inflicts extra damage upon your enemies.
   It protects you from poison.
   It affects your resistance to hostile enchantments.
   It makes you more stealthy.
 T - a +2 vampiric whip {!w}
   (You took it off an orc on level 12 of the Dungeon)
Missiles
 L - 68 poisoned darts (quivered)
 P - a throwing net {!f}
Armour
 z - the +1 robe of Zusuel {+Blink +Fly rCorr Str+2}
   (You found it on level 4 of the Dungeon)

   It affects your strength (+2).
   It lets you fly.
   It lets you blink.
   It provides partial protection from all sources of acid and corrosion.
 D - a +0 kite shield (worn)
 F - a +2 chain mail of cold resistance (worn)
   (You took it off Duvessa on level 6 of the Dungeon)
 G - a scarf of repulsion (worn)
   (You found it on level 7 of the Dungeon)
 I - a +2 pair of boots of stealth (worn)
   (You found it on level 7 of the Dungeon)
 S - a +2 pair of gloves (worn)
   (You found it on level 9 of the Dungeon)
Jewellery
 i - a ring of protection from fire (right hand)
   (You found it on level 7 of the Dungeon)
 k - a +2 ring of protection (left hand)
   (You found it on level 6 of the Dungeon)
 u - an amulet of the acrobat (around neck)
   (You bought it in a shop on level 10 of the Dungeon)
 N - an uncursed amulet of faith {!P}
   (You found it on level 8 of the Dungeon)
 O - an uncursed ring of flight
   (You found it on level 9 of the Dungeon)
Wands
 c - a wand of disintegration (20)
   (You found it on level 8 of the Dungeon)
 d - a wand of iceblast (5)
   (You took it off a wight on level 14 of the Dungeon)
 t - a wand of flame (13)
   (You took it off a big kobold on level 8 of the Dungeon)
 v - a wand of enslavement (32)
   (You found it on level 6 of the Dungeon)
Scrolls
 a - 9 scrolls of teleportation {@r4}
 b - 4 scrolls of noise {unknown}
 f - 2 scrolls of fog {unknown}
 l - 2 scrolls of amnesia {unknown}
 n - 3 scrolls of enchant armour {unknown}
 o - 4 scrolls of fear {unknown}
 w - a scroll of random uselessness {unknown}
 x - 4 scrolls of enchant weapon {unknown}
 C - 4 scrolls of immolation {unknown}
 E - 5 scrolls of remove curse {@r2}
 H - 4 scrolls of magic mapping {unknown}
 K - a scroll of blinking {unknown}
 R - 2 scrolls of identify {@r1}
 U - a scroll of vulnerability {unknown}
 V - a scroll of silence {unknown}
Potions
 g - 7 potions of curing {@q1}
 h - 3 potions of mutation {unknown}
 j - 6 potions of degeneration {unknown}
 m - a potion of flight {unknown}
 p - 4 potions of haste {unknown}
 q - 3 potions of heal wounds {unknown}
 r - 2 potions of stabbing {unknown}
 A - 3 potions of ambrosia
 B - a potion of resistance {unknown}
 J - 2 potions of lignification {unknown}
 M - a potion of cancellation {unknown}
 Q - 2 potions of magic {unknown}
 W - 5 potions of might
Comestibles
 e - 32 rations {!d}


   Skills:
 + Level 10.4 Fighting
 - Level 12.0 Maces & Flails
 + Level 10.4 Armour
 - Level 15.1 Shields


You had 12 spell levels left.
You didn't know any spells.
Your spell library contained the following spells:

 Spells                   Type           Power        Failure   Level  Hunger
 Freeze                   Ice            #...         89%         1    ##.....
 Summon Butterflies       Summ           #.......     89%         1    ##.....
 Call Canine Familiar     Summ           #.......     99%         3    ####...
 Frozen Ramparts          Ice            #.....       99%         3    ####...
 Ozocubu's Armour         Chrm/Ice       #.......     99%         3    ####...
 Hailstorm                Conj/Ice       #.......     100%        4    #####..
 Summon Ice Beast         Ice/Summ       #.......     100%        4    #####..
 Bolt of Magma            Conj/Fire/Erth #.........   100%        5    ######.
 Iskenderun's Battlesphe  Conj/Chrm      #.......     100%        5    ######.
 Summon Mana Viper        Hex/Summ       #.......     100%        5    ######.
 Iron Shot                Conj/Erth      #.........   100%        6    #######
 Orb of Destruction       Conj           #.........   100%        7    #######
 Spellforged Servitor     Conj/Summ      #.........   100%        7    #######
 Summon Hydra             Summ           #.........   100%        7    #######


Dungeon Overview and Level Annotations

Branches:
Dungeon (14/15)            Temple (1/1) D:4            Lair (0/6) D:10
    Orc (0/2) D:12
 Vaults: D:13-14

Altars:
Ashenzari
Cheibriados
Dithmenos
Elyvilon
Fedhas
Gozag
Hepliaklqana
Kikubaaqudgha
Makhleb
Nemelex Xobeh
Okawaru
Qazlal
Ru
Sif Muna
Trog
Uskayaw
Vehumet
Wu Jian
Xom
Yredelemnul
Zin
The Shining One

Shops:
D:8 (   D:10 *[%:   D:13 *

Annotations:
D:13 Erolcha


Innate Abilities, Weirdness & Mutations

You are resistant to torment.
Your stone body is resilient. (AC +9)
You are immune to poison.
You resist negative energy. (rN+)
You are resistant to electric shocks. (rElec)
You can survive without breathing.
You are immune to petrification.
You are immune to rotting.


Message History

You block the fire crab's attack. x2
You closely miss the skeletal warrior.
You block the skeletal warrior's attack.
You hit the skeletal warrior but do no damage.
You block the fire crab's attack. x2
The fire crab bites you but does no damage.
You block the fire crab's attack.
The skeletal warrior hits you but does no damage.
You block the skeletal warrior's attack.
You climb upwards.
Level annotation: Erolcha The floating eye turns its gaze towards you.
The two-headed ogre hits you but does no damage.
You block the two-headed ogre's attack. The floating eye seems to glare at you.
There is a stone staircase leading down here.
You block the fire crab's attack. The fire crab barely misses you.
You block the two-headed ogre's attack.
The two-headed ogre completely misses you.
You whack the efreet! You hit the efreet but do no damage.
You block the fire crab's attack. x2
The efreet hits you but does no damage.
The skeletal warrior hits you but does no damage.
The skeletal warrior is engulfed in freezing vapours.
You block the skeletal warrior's attack.
The efreet gestures at you.
The bolt of fire hits you but does no damage.
You feel protected from fire.
The floating eye gazes piercingly through you!
You suddenly lose the ability to move!
The efreet hits you but does no damage.
The two-headed ogre hits you with a +0 giant spiked club!
* * * LOW HITPOINT WARNING * * *
The two-headed ogre hits you but does no damage.
The efreet hits you but does no damage.
The fire crab bites you but does no damage.
The fire crab claws you but does no damage.
The two-headed ogre hits you with a +0 giant spiked club!!
* * * LOW HITPOINT WARNING * * *
The two-headed ogre hits you but does no damage.
The floating eye is struck by lightning.
You kill the floating eye!
Qazlal accepts your kill.
You hear a shout!
You hear an angry hiss.
The efreet is engulfed in freezing vapours.
The efreet hits you but does no damage.
The fire crab bites you but does no damage.
The fire crab claws you.
* * * LOW HITPOINT WARNING * * *
You are engulfed in flames.
You resist.
You die...

####### #)#
#...#####'###
#.......[...#
#......)....#
##..(.......#
#........).#
######.§°..######
#....§t..☼.#############
#....zO@☼a..............
#...>○R.........°.○.....
#.....z############○####
#......# #☼# ########
#☼## #.°# ##.# #°# #O#


You could see 2 skeletal warriors, a two-headed ogre, a fire crab, an efreet and
a worker ant.

Vanquished Creatures
  2 two-headed ogres
  Erica (D:8)
  A centaur warrior (D:12)
  2 skeletal warriors (D:14)
  A wizard (D:7)
  Pikel (D:7)
  A deep elf mage (D:13)
  10 ugly things
  A cyclops (D:11)
  A manticore (D:11)
  A gargoyle (D:12)
  An efreet (D:13)
  7 kobold demonologists
  6 trolls
  3 slime creatures (D:12)
  A blink frog (shapeshifter) (D:13)
  Prince Ribbit (D:8)
  A hippogriff (D:11)
  2 centaur simulacra (D:14)
  A wyvern (D:14)
  A steam dragon (D:9)
  Eustachio (D:6)
  5 vampire mosquitoes
  13 yaks
  A hungry ghost (D:11)
  3 wargs
  Menkaure (D:6)
  A water moccasin (D:10)
  Duvessa (D:6)
  A floating eye (shapeshifter) (D:13)
  A hornet zombie (D:14)
  4 sky beasts
  10 orc warriors
  4 slaves (D:6)
  3 necrophages
  3 ice beasts
  A phantom (D:14)
  A black bear (D:12)
  17 centaurs
  4 ogres
  8 big kobolds
  11 bullfrogs
  Dowan (D:6)
  A hornet simulacrum (D:14)
  A wyvern skeleton (D:10)
  5 scorpions
  7 killer bees
  7 wights
  2 electric eels (D:14)
  5 crimson imps
  A bullfrog zombie (D:11)
  2 centaur zombies
  3 jellies
  5 hounds
  13 orc priests
  14 orc wizards
  6 centaur skeletons
  14 worker ants
  3 iguanas
  A killer bee zombie (D:5)
  A hound skeleton (D:4)
  3 worker ant zombies
  4 gnolls
  13 adders
  6 shadow imps
  3 white imps
  An ooze (D:4)
  2 adder skeletons
  7 worms
  2 dart slugs
  4 leopard geckos
  61 orcs
  8 bats
  7 giant cockroaches
  9 goblins
  7 hobgoblins
  7 jackals
  52 kobolds
  3 quokkas
  A ball python (D:2)
  6 frilled lizards
  A jackal skeleton (D:8)
  2 leopard gecko skeletons (D:4)
  A quokka skeleton (D:4)
  4 rats
  A butterfly (D:5)
447 creatures vanquished.

Vanquished Creatures (others)
  An unseen horror (D:14)
  A centaur zombie (D:13)
  A tengu conjurer (D:13)
  A blink frog (shapeshifter) (D:13)
  A bullfrog (D:13)
  A worker ant (D:13)
6 creatures vanquished.

Grand Total: 453 creatures vanquished

Notes
Turn   | Place    | Note
-------+----------+-------------------------------------------
     0 | D:1      | MrTaco21 the Gargoyle Fighter began the quest for the Orb.
     0 | D:1      | Reached XP level 1. HP: 14/14 MP: 1/1
   133 | D:1      | Reached XP level 2. HP: 14/19 MP: 2/2
   883 | D:2      | Reached XP level 3. HP: 23/23 MP: 3/3
   992 | D:2      | Reached XP level 4. HP: 15/28 MP: 4/4
  1962 | D:3      | Reached skill level 5 in Maces & Flails
  2126 | D:3      | Reached XP level 5. HP: 32/32 MP: 5/5
  2199 | D:3      | Noticed a big kobold
  2328 | D:3      | Killed a big kobold
  2580 | D:3      | Noticed a big kobold
  2593 | D:3      | Killed a big kobold
  2593 | D:3      | Reached XP level 6. HP: 34/37 MP: 6/6
  2652 | D:3      | Reached XP level 7. HP: 37/41 MP: 7/7
  3330 | D:4      | Got a fine whip
  3331 | D:4      | Identified the +3 whip of Anger {vorpal, rPois MR+ Stlth+}
                  | (You found it on level 4 of the Dungeon)
  3412 | D:4      | Found an opulent altar of Gozag.
  3584 | D:4      | Got a dull robe
  3585 | D:4      | Identified the +1 robe of Zusuel {+Blink +Fly rCorr Str+2}
                  | (You found it on level 4 of the Dungeon)
  3730 | D:4      | Found a staircase to the Ecumenical Temple.
  4198 | D:4      | Got a heavily jewelled robe
  4548 | D:4      | Identified the +3 robe "Kiaklotra" {Dex+5} (You found it on
                  | level 4 of the Dungeon)
  4606 | Temple   | Entered the Ecumenical Temple
  4748 | Temple   | Became a worshipper of Qazlal Stormbringer
  4814 | D:5      | Entered Level 5 of the Dungeon
  4840 | D:5      | Found a snail-covered altar of Cheibriados.
  4877 | D:5      | Found a shimmering altar of Xom.
  4915 | D:5      | Reached XP level 8. HP: 46/46 MP: 8/8
  5372 | D:5      | Found a glowing silver altar of Zin.
  5417 | D:5      | Found a shimmering blue altar of Sif Muna.
  5655 | D:6      | Reached skill level 10 in Maces & Flails
  5880 | D:6      | Noticed Dowan
  5880 | D:6      | Noticed Menkaure
  5918 | D:6      | Found a burning altar of Makhleb.
  5919 | D:6      | Noticed Duvessa
  6016 | D:6      | Killed Dowan
  6172 | D:6      | Killed Menkaure
  6394 | D:6      | Killed Duvessa
  6431 | D:6      | Reached * piety under Qazlal
  6511 | D:6      | Noticed Eustachio
  6601 | D:6      | Killed Eustachio
  6601 | D:6      | Reached XP level 9. HP: 49/51 MP: 9/9
  6894 | D:6      | Found an opulent altar of Gozag.
  6983 | D:6      | Found a shadowy altar of Dithmenos.
  7215 | D:7      | Noticed a wizard
  7268 | D:7      | Reached skill level 4 in Shields
  7391 | D:7      | Killed a wizard
  7391 | D:7      | Reached skill level 6 in Shields
  7579 | D:7      | Noticed Pikel
  7645 | D:7      | Killed Pikel
  7645 | D:7      | Reached skill level 8 in Shields
  7645 | D:7      | Reached XP level 10. HP: 55/56 MP: 10/10
  7748 | D:8      | Noticed a green ugly thing
  7839 | D:8      | Killed a green ugly thing
  7839 | D:8      | Reached skill level 9 in Shields
  7950 | D:8      | Noticed Prince Ribbit
  7982 | D:8      | Killed Prince Ribbit
  8093 | D:8      | Found Antifug's Antique Weapon Shop.
  8209 | D:8      | Noticed Erica
  8493 | D:8      | Reached skill level 10 in Shields
  8562 | D:8      | Killed Erica
  8645 | D:8      | Found a sacrificial altar of Ru.
  8708 | D:9      | Reached skill level 11 in Shields
  8831 | D:9      | You fall into a shaft and drop 2 floors!
  8865 | D:11     | Reached ** piety under Qazlal
  8869 | D:11     | Noticed a manticore
  8884 | D:10     | Entered Level 10 of the Dungeon
  9201 | D:9      | Noticed a two-headed ogre
  9327 | D:9      | Reached skill level 12 in Shields
  9473 | D:9      | Reached XP level 11. HP: 53/60 MP: 11/11
  9884 | D:10     | Found Unir's Armour Emporium.
  9917 | D:10     | Noticed a green ugly thing
  9958 | D:10     | Reached skill level 13 in Shields
  9966 | D:10     | Reached *** piety under Qazlal
 10945 | D:10     | Killed a green ugly thing
 11007 | D:10     | Found Ruul's Book Shoppe.
 11053 | D:10     | Found a staircase to the Lair.
 11181 | D:10     | Found Itusem's Food Shoppe.
 11190 | D:10     | Found Maugefub's Assorted Antiques.
 11198 | D:10     | Bought a blackened steel amulet for 145 gold pieces
 11540 | D:9      | Killed a two-headed ogre
 11540 | D:9      | Reached skill level 14 in Shields
 11793 | D:11     | Noticed a cyan ugly thing
 11815 | D:10     | Killed a cyan ugly thing
 11868 | D:11     | Noticed a two-headed ogre
 11887 | D:11     | Killed a two-headed ogre
 12137 | D:11     | Noticed a cyclops
 12341 | D:11     | Killed a cyclops
 12371 | D:11     | Killed a manticore
 12371 | D:11     | Reached skill level 15 in Shields
 12894 | D:12     | Reached **** piety under Qazlal
 12903 | D:12     | Reached XP level 12. HP: 63/66 MP: 12/12
 12952 | D:12     | Noticed a centaur warrior
 12968 | D:12     | Killed a centaur warrior
 13023 | D:12     | Reached skill level 5 in Fighting
 13023 | D:12     | Reached skill level 5 in Armour
 13353 | D:12     | Reached ***** piety under Qazlal
 13390 | D:12     | Found a staircase to the Orcish Mines.
 13927 | D:13     | Noticed a centaur warrior
 13931 | D:13     | Noticed a fire giant
 14262 | D:13     | Noticed a two-headed ogre
 14267 | D:13     | Noticed Erolcha
 14529 | D:13     | Noticed an ogre mage
 14587 | D:13     | Found Rubbino's General Store.
 14587 | D:13     | You fall into a shaft and drop 1 floor!
 14587 | D:14     | Found a frozen archway.
 14876 | D:14     | Reached XP level 13. HP: 63/80 MP: 13/13
 15220 | D:13     | Reached skill level 10 in Fighting
 15220 | D:13     | Reached skill level 10 in Armour
 15710 | D:13     | Paralysed by a floating eye for 4 turns
 15713 | D:13     | HP: 3/83 [fire crab (6)]
 15713 | D:13     | Slain by a fire crab

Levels and vault maps discovered:
D:1:      elethiomel_arrival_infinity_welcomes_careful_drivers,
          layout_loops_corners
D:2:      cheibrodos_pilgrimage, layout_basic
D:3:      minmay_goblin_kobold_castle, layout_basic, first_ration
D:4:      minmay_opposing_rooms, layout_layer_cave, lemuel_crystal_altar,
          minmay_temple_entry_junction, eino_curves_04, fountainhead,
          minmay_fire_ice_demons
D:5:      layout_basic, kennysheep_slug_shrine, xom_butterflies, basic_altar,
          tgw_sif
D:6:      layout_rooms, lemuel_doored_altar, lemuel_crystal_altar,
          minmay_ruined_shrine, uniq_duvessa, uniq_eustachio, uniq_menkaure
D:7:      cheibrodos_wizards_tower, layout_rooms, uniq_pikel
D:8:      layout_cave_pools, nicolae_ru_the_path_less_chosen, serial_shops,
          nicolae_shop_waterfront, blue_anna_alchemist [blue_anna_fruit_fields,
          blue_anna_fruit_fields], uniq_prince_ribbit1, uniq_erica
D:9:      kennysheep_six_static_rooms, layout_basic
D:10:     layout_irregular_city, erik_lair_orcish_takeover, serial_shops, shop,
          kennysheep_mini_moat, shop, shop
D:11:     layout_cave_pools
D:12:     layout_basic, erik_orc_4, enter_bailey_2, kennysheep_generic_room_16
D:13:     minmay_bloctagon, layout_basic, serial_shops, shop_statue,
          onia_ninara_dug_in_and_dangerous, uniq_erolcha
D:14:     minmay_tile_spiral, layout_loops_ring, erik_vaults_2, serial_ice,
          serial_ice_f, serial_ice_d, serial_ice_l, serial_ice_a,
          portal_ice_cave_entry_pillars_1
Temple:   regret_index_temple_waves

Skill      XL: |  1  2  3  4  5  6  7  8  9 10 11 12 13 |
---------------+----------------------------------------+-----
Maces & Flails | 3 4 5 6 7 9 11 12 | 12.0
Shields        | 8 12 15 | 15.1
Fighting       | 4 9 10 | 10.4
Armour         | 4 9 10 | 10.4

Action                   |  1- 3 |  4- 6 |  7- 9 | 10-12 | 13-15 || total
-------------------------+-------+-------+-------+-------+-------++-------
Melee: Flail             |   106 |   233 |    32 |       |       ||   371
       Whip              |       |       |   459 |  1449 |   391 ||  2299
Throw: Dart              |       |       |       |     3 |       ||     3
 Abil: Evoke Blink       |       |       |     1 |       |       ||     1
       Evoke Flight      |       |       |     1 |       |       ||     1
  Use: Scroll            |       |       |     5 |     4 |       ||     9
  Eat: Chunk             |       |     4 |    11 |    18 |     3 ||    36
       Ration            |       |     1 |     1 |     2 |       ||     4
Armor: Scale mail        |    43 |   142 |    22 |       |       ||   207
       Robe              |       |       |    85 |       |       ||    85
       Chain mail        |       |       |    25 |   370 |    98 ||   493
Dodge: Dodged            |    30 |    94 |    73 |   171 |    48 ||   416
       Deflected         |       |       |       |    14 |       ||    14
Block: Kite shield       |    41 |   122 |   153 |   810 |   238 ||  1364

Table legend:
 A = Non-vault XP
 B = Vault XP
 C = Vault XP percentage of total XP
 D = Non-vault monster count
 E = Vault monster count
 F = Vault count percentage of total count
                 A         B        C        D         E       F
            +---------+---------+-------+---------+---------+-------
      Total |   32963 |    7559 |  18.7 |     325 |     120 |  27.0
            +---------+---------+-------+---------+---------+-------
        D:1 |      33 |       0 |   0.0 |      17 |       0 |   0.0
        D:2 |      68 |      59 |  46.5 |      25 |       7 |  21.9
        D:3 |      29 |     542 |  94.9 |      12 |      45 |  78.9
        D:4 |     216 |     181 |  45.6 |      16 |      10 |  38.5
        D:5 |     309 |      47 |  13.2 |       8 |       2 |  20.0
        D:6 |     640 |    1009 |  61.2 |      24 |      10 |  29.4
        D:7 |     416 |    1336 |  76.3 |       8 |       2 |  20.0
        D:8 |    1067 |    1404 |  56.8 |      12 |       4 |  25.0
        D:9 |    2264 |     261 |  10.3 |      24 |       8 |  25.0
       D:10 |    4133 |     235 |   5.4 |      50 |       3 |   5.7
       D:11 |    3497 |       0 |   0.0 |      25 |       0 |   0.0
       D:12 |    7072 |     725 |   9.3 |      37 |      18 |  32.7
       D:13 |    2234 |    1308 |  36.9 |      22 |       6 |  21.4
       D:14 |   10985 |     452 |   4.0 |      45 |       5 |  10.0
            +---------+---------+-------+---------+---------+-------
